 Dungeon Crawl Stone Soup version 0.30.0-10-gfe55d96785 (webtiles) character file.

Game seed: 2079084797553767498

122 Byczy the Magician (level 4, -5/24 HPs)
             Began as a Deep Elf Fire Elementalist on May 15, 2023.
             Killed by divine providence
             ... invoked by an orc priest
              (15 damage)
             ... on level 3 of the Dungeon.
             The game lasted 00:07:48 (2128 turns).

Byczy the Magician (Deep Elf Fire Elementalist)     Turns: 2128, Time: 00:07:48

Health: -5/24      AC:  4    Str:  5    XL:     4   Next: 78%
Magic:  10/12      EV: 13    Int: 22    God:
Gold:   104        SH:  0    Dex: 15    Spells: 9/12 levels left

rFire   . . .        (no weapon)
rCold   . . .        (no shield)
rNeg    . . .        a - +1 robe
rPois   .            f - +0 helmet
rElec   .            (no cloak)
rCorr   .            (no gloves)
SInv    .            (no boots)
Will    .....        (no amulet)
Stlth   ++           (no ring)
HPRegen 0.24/turn    (no ring)
MPRegen 0.13/turn

%: no passive effects
@: no status effects
A: no striking features
a: no special abilities


You were on level 3 of the Dungeon.
You visited 1 branch of the dungeon, and saw 3 of its levels.

You collected 104 gold pieces.

Inventory:

Armour
 a - a +1 robe (worn)
 f - a +0 helmet (worn)
Scrolls
 c - a scroll of teleportation
 g - 2 scrolls of identify
 j - a scroll of blinking {unknown}
 k - a scroll of enchant weapon {unknown}
 l - a scroll of poison
Potions
 b - 2 potions of magic
 d - 2 potions of lignification
 e - a potion of curing {unknown}
 h - a potion of degeneration {unknown}
 i - a potion of mutation {unknown}


   Skills:
 + Level 2.9 Dodging
 + Level 3.0 Stealth
 + Level 4.6 Spellcasting
 + Level 1.8 Conjurations
 + Level 4.5 Fire Magic


You had 9 spell levels left.
You knew the following spells:

 Your Spells              Type           Power      Damage    Failure   Level
a - Foxfire               Conj/Fire      76%        2x1d7     2%          1
b - Scorch                Fire           50%        2d7       2%          2

Your spell library contained the following spells:

 Spells                   Type           Power      Damage    Failure   Level
 Inner Flame              Hex/Fire       15%        N/A       12%         3
 Volatile Blastmotes      Fire/Tloc      30%        2d12      12%         3
 Stone Arrow              Conj/Erth      18%        3d8       22%         3
 Flame Wave               Conj/Fire      19%        2d7       28%         4
 Animate Armour           Summ/Erth      10%        N/A       71%         4
 Lehudib's Crystal Spear  Conj/Erth      4%         10d3      100%        8


Dungeon Overview and Level Annotations

Branches:
Dungeon (3/15)

Altars:
Xom

Shops:
D:3 !

Annotations:
D:3 3 runed translucent doors, Mandevil's ghost, amateur MiRe


Message History

The orc wizard is heavily wounded.
The foxfire hits the orc wizard.
The orc wizard is severely wounded.
The foxfire hits the orc wizard but does no damage.
The orc wizard is severely wounded.
You conjure some foxfire!
The foxfire hits the orc wizard.
The orc wizard is almost dead.
The foxfire hits the orc wizard.
You kill the orc wizard!
An orc comes into view. It is wielding a +0 club.
You conjure some foxfire!
The foxfire hits the orc.
The orc is almost dead.
Your foxfire dissipates!
The foxfire hits the orc.
You kill the orc!
The foxfire hits the orc priest but does no damage.
The orc priest casts a cantrip, but nothing happens.
You conjure some foxfire!
You conjure some foxfire!
The foxfire hits the orc.
The orc is heavily wounded.
Your foxfire dissipates!
The orc priest attacks as you move away!
The orc priest hits you with a +0 whip.
The foxfire hits the orc.
You kill the orc!
The foxfire hits the orc priest but does no damage.
You conjure some foxfire!
The foxfire hits the orc priest.
The orc priest is moderately wounded.
Your foxfire dissipates!
The orc priest invokes the aid of Beogh against you.
Pain shoots through your body!
Ouch! That really hurt!
* * * LOW HITPOINT WARNING * * *
The orc priest looks encouraged for a moment.
The orc priest miscasts a cantrip.
The endoplasm quivers.
The orc priest casts a cantrip, but nothing happens.
The orc priest invokes the aid of Beogh against you.
Beogh smites you!
Ouch! That really hurt!
You die...

#### ##.# # #.. . #..
###########.# #.#.. #
###########.........#.# #.#.##.#
....................#.# ..... #
###......†........#.#####.####
#.#...............#........... #
#....####................##### .
#.#..# ###..@................
...#.#..######..#########...#####
............)...#.......#...>#
...###..........#...#...#....#
...#)#o#######.o#K?#.#..+....#
..)).#.# #......#J......+..#+#
#.#.)..###.###..#..#.#..+...
#.∩.....o..o.o..#...#.
###...#######...#.....


You could see an orc priest and an orc.

Vanquished Creatures
  An orc wizard (D:3)
  3 adders
  A gnoll (D:1)
  2 worms
  2 dart slugs (D:2)
  2 orcs (D:3)
  3 bats
  4 giant cockroaches
  3 goblins
  8 hobgoblins
  4 quokkas
  4 ball pythons
  4 frilled lizards
  4 kobolds
  7 rats
52 creatures vanquished.

Vanquished Creatures (others)
  157 foxfires
157 creatures vanquished.

Grand Total: 209 creatures vanquished

Notes
Turn   | Place    | Note
-------+----------+-------------------------------------------
     0 | D:1      | Byczy the Deep Elf Fire Elementalist began the quest for
                  | the Orb.
     0 | D:1      | Reached XP level 1. HP: 10/10 MP: 6/6
   114 | D:1      | Reached XP level 2. HP: 15/15 MP: 4/8
   119 | D:1      | Learned a level 2 spell: Scorch
   381 | D:1      | Reached XP level 3. HP: 19/19 MP: 4/9
  1366 | D:2      | Found a shimmering altar of Xom.
  1512 | D:2      | Reached XP level 4. HP: 24/24 MP: 4/11
  1955 | D:3      | Found a runed translucent gate.
  1955 | D:3      | Found a runed translucent gate.
  1957 | D:3      | Found a runed translucent gate.
  1960 | D:3      | Noticed Mandevil's ghost (amateur MiRe)
  2078 | D:3      | Found Duboux's Distillery.
  2092 | D:3      | HP: 1/24 [orc priest/nerve-wracking pain (14)]
  2128 | D:3      | Killed from afar by an orc priest

Illustrated notes

Levels and vault maps discovered:
D:1:      elethiomel_arrival_shortcut, layout_basic
D:2:      minmay_spotlight, layout_loops_ring, basic_altar
D:3:      layout_basic, gammafunk_ghost_split, serial_shops, shop

Skill      XL: |  1  2  3  4 |
---------------+-------------+-----
Fire Magic     | 4 |  4.5
Spellcasting   | 4 |  4.6
Stealth        | 3 |  3.0
Dodging        | |  2.9
Conjurations   | |  1.8

Action                     |  1- 3 |  4- 6 || total
---------------------------+-------+-------++-------
  Melee: Unarmed           |     8 |       ||     8
   Cast: Foxfire           |    68 |    28 ||    96
         Scorch            |     5 |       ||     5
    Use: Scroll            |     3 |     2 ||     5
 Armour: Robe              |     4 |       ||     4
  Dodge: Dodged            |     9 |       ||     9
